[Event "US Masters 2024"]
[Site "Charlotte"]
[Date "2024.11.29"]
[Round "3.10"]
[White "Zhou, Liran"]
[Black "Woodward, Andy"]
[Result "1/2-1/2"]
[ECO "B51"]
[WhiteElo "2390"]
[BlackElo "2525"]
[Annotator "TA"]
[PlyCount "117"]
[EventDate "2024.09.23"]
[EventType "swiss"]
[EventCountry "USA"]
[SourceTitle "playchess.com"]
[Source "ChessBase"]
[SourceQuality "1"]
[TimeControl "5400+30"]

1. e4 c5 2. Nf3 d6 3. Bb5+ Nd7 4. c3 Ngf6 5. Qe2 a6 6. Ba4 b5 7. Bc2 Bb7 8. d4 e6 9. a4 Be7 10. e5 Nd5 11. dxc5 Nxc5 (11... dxc5 {simplifies} 12. O-O Bc6 13. Re1 Rb8) 12. axb5 {[%emt 0:04:30] b4 is the strong threat.} axb5 13. Qxb5+ Kf8 14. Rxa8 Qxa8 15. exd6 ({Better is} 15. b4 $16 {Black must now prevent exd6.} Nc7 16. Qe2) 15... Bxd6 $14 16. Qe2 (16. b4 $14 Ba6 17. Qa5) 16... Qa6 {[%emt 0:01:07] [#]} (16... Nf4 $11 {remains equal.} 17. Bxf4 Bxf4) 17. b4 (17. c4 $1 $16 Nb4 18. O-O) 17... Qxe2+ $1 $11 18. Kxe2 Nd7 19. Bd3 Ke7 20. Bg5+ f6 21. Bd2 Ra8 22. Rc1 h5 23. Rc2 g5 24. h3 g4 25. hxg4 hxg4 26. Nd4 Be5 27. Bb5 Rc8 {[%emt 0:05:05] Prevents Bc6. ...Bxd4 would now be deadly.} 28. Na3 N7b6 29. Bd3 Nf4+ 30. Bxf4 Bxf4 31. f3 gxf3+ 32. gxf3 Nd5 33. Nc4 {[%emt 0:02:44] Prevents Ne3} f5 34. Na5 Ba8 {[%emt 0:00:09][%cal Od5e3] This pair of bishops is nice.} 35. Bc4 Be5 36. Bxd5 Bxd5 37. Ke3 Kf6 38. f4 Bd6 {[%emt 0:00:13] White should prevent ...Be4.} 39. c4 Be4 40. Rh2 $2 (40. c5 $1 $11 {and White stays safe.} Bxf4+ 41. Kxf4 e5+ 42. Kg3) 40... Bxb4 $19 41. Rh6+ {[%emt 0:00:44] [#]} Kg7 (41... Kf7 $1 $19 42. Rh7+ Kg6) 42. Rxe6 $15 Bxa5 43. Re5 $1 Bb6 (43... Bd8 {simplifies} 44. Nxf5+ Bxf5 45. Rxf5 Rxc4 46. Re5 Rc3+) 44. c5 Bc7 45. Nxf5+ Bxf5 46. Rxf5 $11 {[%emt 0:00:06][%mdl 4096] Endgame. KRB-KR} Kg6 47. Rd5 Kf6 48. f5 Rh8 49. Rd7 Bh2 50. Ke4 {[%emt 0:00:48] The position is equal.} Rh4+ 51. Kd5 Bg1 (51... Kxf5 52. c6) 52. Kc6 Kxf5 53. Rd1 Bd4 54. Kd5 Bf2 55. c6 {[%emt 0:00:31] White threatens c7 and mate.} Bb6 56. Rf1+ Kg5 57. Rb1 Bd8 58. Rb7 Rh1 59. c7 {[%emt 0:00:06] Weighted Error Value: White=0.10 (very precise) /Black=0.09 (flawless) .  Mistake:       	White=4     	Black=2      Inaccurate:     	White=2     	Black=3      OK:         	White=26    	Black=17     Best:        	White=5     	Black=4      Strong:       	White=1     	Black=1} 1/2-1/2

[Event "US Masters 2024"]
[Site "Charlotte"]
[Date "2024.11.29"]
[Round "3.11"]
[White "Cordova, Emilio"]
[Black "Park, Evan"]
[Result "0-1"]
[ECO "A34"]
[WhiteElo "2525"]
[BlackElo "2375"]
[Annotator "RC"]
[PlyCount "126"]
[EventDate "2024.09.23"]
[EventType "swiss"]
[EventCountry "USA"]
[SourceTitle "playchess.com"]
[Source "ChessBase"]
[SourceQuality "1"]
[TimeControl "5400+30"]

1. Nf3 d5 2. g3 Nf6 3. Bg2 c5 4. c4 Nc6 5. cxd5 Nxd5 6. Nc3 Nc7 7. b3 e5 8. Bb2 Be7 9. Rc1 f6 10. O-O O-O 11. Ne1 Bd7 12. a3 Be6 13. Ba1 Qd7 14. d3 Rad8 15. Ne4 b6 16. Nf3 Nb5 17. Bb2 Nbd4 18. Nxd4 Nxd4 19. Nd2 Kh8 20. Ba1 Bg4 21. Re1 Qe6 22. Rb1 a5 23. f3 Bh5 24. Qc1 f5 25. e3 Nc6 26. Qc2 Bf6 27. Rbc1 Rd7 28. Nc4 b5 29. Nb2 Be7 30. Nd1 Bf7 31. f4 exf4 32. Qc3 Bf6 33. Qxc5 Ne7 34. Bxf6 gxf6 35. Qxb5 fxg3 36. hxg3 Qd6 37. Rf1 Rb8 38. Qxa5 Qxg3 39. Rf3 Qg5 40. Rc2 Bxb3 41. Rd2 Rg8 42. Nb2 Bd5 43. e4 Nc6 44. Qc3 Bxe4 45. Rff2 Ne5 46. Kf1 Bxg2+ 47. Rxg2 Ng4 48. Nc4 Qh4 49. Ke2 f4 50. Kd1 f3 51. Rxg4 Rxg4 52. Ne3 Rg8 53. Qc6 Qd4 54. Qxf3 Rdg7 55. Nc4 Rg3 56. Qf5 R3g5 57. Qf3 Rg3 58. Qf5 Qa1+ 59. Kc2 Rb8 60. Qf4 Qb1+ 61. Kc3 Qb3+ 62. Kd4 Rd8+ 63. Nd6 Qa4+ 0-1

[Event "US Masters 2024"]
[Site "Charlotte"]
[Date "2024.11.29"]
[Round "3.12"]
[White "Repka, Christopher"]
[Black "Sinha, Sahil"]
[Result "1/2-1/2"]
[ECO "E17"]
[WhiteElo "2520"]
[BlackElo "2346"]
[Annotator "TA"]
[PlyCount "95"]
[EventDate "2024.09.23"]
[EventType "swiss"]
[EventCountry "USA"]
[SourceTitle "playchess.com"]
[Source "ChessBase"]
[SourceQuality "1"]
[TimeControl "5400+30"]

1. Nf3 Nf6 2. c4 e6 3. g3 b6 4. Bg2 Bb7 5. O-O Be7 6. d4 O-O 7. Re1 d5 8. cxd5 exd5 9. Nc3 Nbd7 10. Bf4 c5 11. h4 {[%emt 0:00:07] 11.Rc1 is becoming the main line. E17: Queen's Indian: 4 g3 Bb7 5 Bg2 Be7.} h6 12. Rc1 Ne4 13. e3 Nxc3 $146 ({Predecessor:} 13... Ndf6 14. a4 Rc8 15. Bh3 Nxc3 16. bxc3 Rc6 17. Bg2 cxd4 18. Nxd4 Rc4 19. Bf1 Rc5 {½-½ Tleptsok,R (2571)-Schilcher,A (2567) Vinchev Memorial 3nd email 2020}) 14. Rxc3 c4 15. Nd2 b5 16. e4 Bb4 17. e5 Bxc3 18. bxc3 Nb6 19. Qb1 a6 20. Nf1 Bc8 21. Bc1 Re8 22. Ne3 Qd7 23. f4 a5 24. Bd2 Rb8 25. f5 b4 $1 26. cxb4 Na4 (26... c3 $11 27. Bxc3 Ba6) 27. Qc2 (27. Bxd5 c3 28. e6 fxe6 29. fxe6 (29. Bxe6+ Rxe6 30. fxe6 Qxe6 $11) 29... Rxe6 30. Bxe6+ Qxe6 $11) ({White should play} 27. Nxd5 $14 axb4 28. e6 (28. Bxb4 Bb7 $11)) 27... axb4 $15 28. Bxd5 c3 29. Bc1 (29. e6 $15 fxe6 (29... cxd2 30. exf7+ Kf8 31. fxe8=Q+ Qxe8 32. Qxd2 $18) 30. fxe6 Rxe6 (30... cxd2 31. exd7+ Kf8 32. Qf5+ Ke7 33. Qf7+ Kd8 34. dxe8=Q#) 31. Bxe6+ Qxe6 32. Ng2) 29... Nb6 $1 $19 30. e6 fxe6 31. fxe6 Rxe6 32. Bb3 {[%emt 0:00:07] [#]} (32. Bxe6+ $17 {was forced.} Qxe6 33. a3) 32... Kh8 $2 (32... Qxd4 33. Rd1 Qe5 (33... Qf6 $2 34. Ng4 $18) 34. Qg6 $18) (32... Bb7 $1 $19 33. Re2 Rf8 34. Bxe6+ Qxe6) 33. Bxe6 $15 Qxe6 34. Ng2 $1 Qd7 (34... Qc6 $15 {is superior.} 35. Nf4 Kg8) 35. Qg6 Qxd4+ 36. Kh2 Bb7 37. Bxh6 $1 Qf6 $1 (37... gxh6 38. Re7) 38. Bxg7+ Qxg7 39. Qh5+ Kg8 40. Nf4 $2 {[%emt 0:00:59][%mdl 8192] [#]} (40. Re8+ $1 $11 {and White stays safe.} Rxe8 41. Qxe8+ Qf8 (41... Kh7 42. Qh5+ Kg8 43. Qe8+ Qf8 44. Qg6+ Kh8 45. Qh5+ Kg7 46. Qg5+ Kf7 47. Qf5+ Ke8 48. Qb5+ Nd7 49. Qxb7 $17) 42. Qg6+ Kh8 43. Qxb6 Bxg2 44. Qd4+ Qg7 45. Qd8+ (45. Qxg7+ Kxg7 46. Kxg2 c2 47. h5 c1=Q 48. g4 Qd2+ 49. Kf3 Qxa2 50. g5 b3 51. h6+ Kg6 52. h7 Kxh7 53. Kf4 b2 54. Kf3 b1=Q 55. Ke3 Qe6+ 56. Kf2 Qef5+ 57. Ke2 Qbf1+ 58. Ke3 Q5f4#) 45... Qg8 46. Qd4+ Kh7 47. Kxg2) 40... Rf8 $2 (40... Nd7 $1 $19 41. Qb5 Bf3) 41. Re8 $11 c2 (41... Nd7 $5 42. Ne6 $8 c2 43. Nxf8 Nxf8 $11 (43... c1=R 44. Nxd7+)) 42. Rxf8+ $1 Qxf8 43. Qg6+ Qg7 44. Qe8+ Kh7 (44... Qf8 $5 45. Qg6+ $8 Kh8 (45... Qg7 46. Qe8+ Kh7 47. Qh5+ Kg8 48. Qe8+ $11) 46. Qh5+ Kg8 47. Qg6+ $11) 45. Qh5+ Kg8 (45... Qh6 $5 46. Qf7+ $8 Qg7 47. Qh5+ Qh6 (47... Kg8 48. Qe8+ Qf8 49. Qg6+ Qg7 50. Qe8+ $11) 48. Qf7+ Kh8 49. Qe8+ Kg7 50. Qe7+ Kg8 51. Qe8+ Kg7 52. Qe7+ Kg8 53. Qe8+ Kg7 $11) 46. Qe8+ Kh7 (46... Qf8 $5 47. Qg6+ $8 Kh8 (47... Qg7 48. Qe8+ $11) 48. Qh5+ Kg8 49. Qg6+ $11) 47. Qh5+ Kg8 (47... Qh6 $5 48. Qf7+ $8 Qg7 49. Qh5+ $11) 48. Qe8+ 1/2-1/2

[Event "US Masters 2024"]
[Site "Charlotte"]
[Date "2024.11.29"]
[Round "3.13"]
[White "Aarav Dengla"]
[Black "Moradiabadi, Elshan"]
[Result "0-1"]
[ECO "C55"]
[WhiteElo "2390"]
[BlackElo "2515"]
[Annotator "TA"]
[PlyCount "92"]
[EventDate "2024.09.23"]
[EventType "swiss"]
[EventCountry "USA"]
[SourceTitle "playchess.com"]
[Source "ChessBase"]
[SourceQuality "1"]
[TimeControl "5400+30"]

1. e4 e5 2. Nf3 Nc6 3. Bc4 Nf6 4. d3 h6 5. O-O a6 6. a4 d6 7. Nc3 g5 8. a5 {[%emt 0:05:01] White is slightly better.} Bg7 9. Be3 Be6 10. Bxe6 fxe6 11. d4 exd4 12. Nxd4 Qd7 13. Nxc6 Qxc6 14. Qd3 Ng4 15. Bd4 Ne5 16. Qh3 Qd7 17. Qh5+ Qf7 18. Qxf7+ Kxf7 19. Bxe5 Bxe5 20. Ne2 Ke7 21. c3 Rhf8 22. Nc1 c5 23. Nd3 Bg7 24. c4 (24. Ra3 $11) 24... Bd4 25. Rab1 b5 26. axb6 Rfb8 27. Ra1 ({White should play} 27. b4) 27... Rxb6 $17 28. Ra2 Rb3 29. Rd1 a5 $36 {[%emt 0:00:04][%mdl 2048] Black has strong initiative.} 30. Rd2 a4 {[%emt 0:00:46] [#] Hoping for ...a3. Black has more active pieces.} 31. Nc1 $2 {[%emt 0:00:04] White does not recover from this.} (31. Kf1 $17) 31... Rb4 $19 32. Rc2 $2 (32. h4 {keeps fighting.}) 32... Rab8 33. Kf1 Rxb2 34. Rcxb2 (34. Ke2 $142) 34... Rxb2 35. Rxb2 Bxb2 {[%emt 0:00:05][%mdl 4096] Endgame. KB-KN} 36. Na2 Kf6 37. Ke2 Ke5 38. Kd3 g4 39. f3 gxf3 40. gxf3 Kf4 {[%emt 0:00:05] Black mates.} 41. Ke2 h5 42. Kf2 h4 43. Ke2 h3 44. Kf2 Bd4+ 45. Ke2 Bg1 46. Nc3 a3 {[%emt 0:00:06] Weighted Error Value: White=0.54/Black=0.03 (flawless) .  Loses game:     	White=1     	---        Mistake:       	White=4     	---        Inaccurate:     	White=3     	Black=1      OK:         	White=11    	Black=8      Best:        	White=1     	Black=5} 0-1

[Event "US Masters 2024"]
[Site "Charlotte"]
[Date "2024.11.29"]
[Round "3.14"]
[White "Sheehan, Ethan"]
[Black "Mitrabha, Guha"]
[Result "0-1"]
[ECO "A47"]
[WhiteElo "2331"]
[BlackElo "2511"]
[Annotator "RC"]
[PlyCount "186"]
[EventDate "2024.09.23"]
[EventType "swiss"]
[EventCountry "USA"]
[SourceTitle "playchess.com"]
[Source "ChessBase"]
[SourceQuality "1"]
[TimeControl "5400+30"]

1. d4 Nf6 2. Nf3 e6 3. Bf4 b6 4. e3 Bb7 5. Nbd2 Be7 6. h3 O-O 7. Bd3 c5 8. O-O cxd4 9. exd4 d6 10. Bg3 Re8 11. Re1 Nbd7 12. c3 a6 13. a4 Qc7 14. Nc4 Bc6 15. Nfd2 b5 16. axb5 axb5 17. Rxa8 Rxa8 18. Ne3 Bf8 19. Qc2 Qb7 20. f3 h6 21. Ne4 Ne8 22. b4 Nb6 23. Nd2 Nd5 24. Nb3 Nxe3 25. Rxe3 Qb6 26. Na5 Bd7 27. Bf2 Nf6 28. Re1 Qc7 29. Qd2 Rc8 30. Rc1 Nd5 31. Rc2 Be7 32. h4 Qb8 33. Kh1 Bd8 34. Bg3 Qb6 35. Be4 Nf6 36. Bd3 Be7 37. Qe1 Qd8 38. Bf2 Nd5 39. Be4 Nf6 40. Bd3 Rc7 41. Qd2 Nd5 42. g3 Rc8 43. Be4 Nf6 44. Bd3 Rb8 45. Kg2 Qe8 46. Qe2 Bd8 47. Be1 Bb6 48. Bd2 Ra8 49. Ra2 e5 50. dxe5 Qe6 51. g4 Qxa2 52. exf6 Re8 53. Qd1 Be3 54. Bc2 Qd5 55. Be1 Qxd1 56. Bxd1 gxf6 57. Nb7 Bf4 58. Bf2 Be5 59. Bb3 Bc8 60. Bd5 Bxb7 61. Bxb7 Bxc3 62. Bc6 Rb8 63. Ba7 Rc8 64. Bxb5 Bxb4 65. Bd4 Rc2+ 66. Kf1 f5 67. Be3 Bd2 68. Bd4 fxg4 69. fxg4 Bf4 70. Bd7 d5 71. Bf5 Rd2 72. Bc3 Rh2 73. Bf6 Bg3 74. h5 Rf2+ 75. Kg1 Ra2 76. Kf1 Rf2+ 77. Kg1 Rd2 78. Bc3 Rd1+ 79. Kg2 Be1 80. Be5 d4 81. g5 Bd2 82. Bg4 Re1 83. Bg3 Ra1 84. g6 f6 85. Bf5 Bg5 86. Bf2 Be3 87. Bg3 Ra5 88. Be6+ Kg7 89. Bg4 d3 90. Kf3 Bg5 91. Be6 d2 92. Ke2 Ra1 93. Bb3 Ra3 0-1

[Event "US Masters 2024"]
[Site "Charlotte"]
[Date "2024.11.29"]
[Round "3.15"]
[White "Can, Isik"]
[Black "Han, Johnathan"]
[Result "1-0"]
[ECO "B90"]
[WhiteElo "2508"]
[BlackElo "2330"]
[Annotator "TA"]
[PlyCount "71"]
[EventDate "2024.09.23"]
[EventType "swiss"]
[EventCountry "USA"]
[SourceTitle "playchess.com"]
[Source "ChessBase"]
[SourceQuality "1"]
[TimeControl "5400+30"]

1. e4 c5 2. Nf3 d6 3. d4 cxd4 4. Nxd4 Nf6 5. Nc3 a6 6. h3 e5 7. Nb3 Be6 8. f4 b5 9. Qf3 Nc6 {[%emt 0:01:15] The position is equal.} 10. g4 h6 11. Be3 exf4 12. Bxf4 Ne5 13. Qg2 Rc8 (13... Ng6 $5 14. Bh2 Rc8 $11) 14. O-O-O Ng6 15. Bd2 Be7 16. Nd5 O-O 17. Kb1 Nh4 18. Nxf6+ Bxf6 19. Qf2 Ng6 20. Nd4 Re8 21. Bd3 Bc4 22. Nf5 Bxd3 23. cxd3 d5 24. Be3 Re6 $2 {[%emt 0:12:44] This costs Black the game.} (24... dxe4 $6 25. dxe4 Qa5 26. Nxh6+ Kh7 27. Nxf7 $18) (24... Bh4 $1 $11 25. Qf3 Bg5) 25. h4 $18 dxe4 {[%emt 0:01:23] [#]} 26. g5 $1 {[%emt 0:04:09] dxe4 is the strong threat.} exd3 (26... hxg5 $2 27. hxg5 Be5 28. d4 $18 (28. dxe4 Qc7 $18)) (26... Qd5 $16) 27. gxf6 Rc2 $2 {[%emt 0:03:30] [#]} (27... Rxf6 28. Bd4 Qc7) 28. Rxd3 $3 Rxb2+ (28... Qxd3 29. Qxc2) 29. Kxb2 (29. Qxb2 Qxd3+ 30. Qc2 Rxe3 (30... Qxc2+ 31. Kxc2 Rxf6 32. Rf1 $16) 31. Nxe3 Qxe3 $11) 29... Qxd3 30. fxg7 Ne5 $2 (30... Rxe3 31. Nxh6+ (31. Nxe3 Qd4+ 32. Kb3 Qa4+ 33. Kc3 Qa3+ 34. Kd4 Qb4+ 35. Kd5 Ne7+ 36. Ke5 Ng6+ 37. Kd5 Ne7+ 38. Ke5 Ng6+ 39. Kd5 $11) (31. Qxe3 Qxf5 32. h5 Qf6+ 33. Qc3 Qxc3+ 34. Kxc3 Nf4 $18) 31... Kh7 32. g8=Q+ (32. g8=N $2 Re2+ $19) 32... Kxh6) 31. Rc1 {[%emt 0:00:15] Threatening mate with Rc8+. White is clearly winning.} (31. Bxh6 $2 Nc4+ 32. Kc1 Qa3+ (32... Re2 $2 33. Ne7+ Rxe7 34. Rd1 $19) 33. Kb1 Qb4+ 34. Kc1 Rc6 $19) (31. Nxh6+ Rxh6 32. Bxh6 Nc4+ 33. Kc1 Qc3+ 34. Qc2 (34. Kd1 $2 Nb2+ $19) 34... Qa1+ 35. Qb1 Qc3+ 36. Qc2 Qa1+ 37. Qb1 Qc3+ 38. Qc2 $11) 31... Kh7 32. g8=Q+ Kxg8 33. Qg3+ (33. Bxh6 Kh7 $18) 33... Ng6 34. Rc8+ ({Inferior is} 34. Bxh6 Qxf5 35. Re1 Rxe1 36. Qxe1 Qf6+ 37. Qc3 Ne5 $17 (37... Qxh4 38. Qg7#) (37... Qxc3+ 38. Kxc3 Nxh4 39. Kb4 $15)) 34... Kh7 {[%emt 0:00:07] [#]} 35. Rh8+ $3 Kxh8 36. Bd4+ {[%emt 0:00:02] Weighted Error Value: White=0.51/Black=0.30.  Loses game:     	---       	Black=1      Mistake:       	White=1     	Black=3      Inaccurate:     	White=2     	Black=2      OK:         	White=9     	Black=8      Best:        	White=4     	Black=1      Strong:       	White=1     	---} (36. Bxh6 $2 {gets mated.} Re2+ (36... Qxf5 $2 37. Bd2 $19) (36... Qxf5 $2 37. Bd2 $19)) 1-0

[Event "US Masters 2024"]
[Site "Charlotte"]
[Date "2024.11.29"]
[Round "3.16"]
[White "Kaplan, Avi Harrison"]
[Black "Rahul Srivatshav P"]
[Result "1/2-1/2"]
[ECO "A38"]
[WhiteElo "2317"]
[BlackElo "2494"]
[Annotator "TA"]
[PlyCount "28"]
[EventDate "2024.09.23"]
[EventType "swiss"]
[EventCountry "USA"]
[SourceTitle "playchess.com"]
[Source "ChessBase"]
[SourceQuality "1"]
[TimeControl "5400+30"]

1. Nf3 Nf6 2. b3 g6 3. Bb2 Bg7 4. g3 c5 5. c4 Nc6 6. Bg2 O-O 7. O-O d6 8. d4 cxd4 9. Nxd4 Bd7 10. Nc3 a6 11. Nc2 Qa5 12. a4 Qh5 13. Ne3 Bh3 14. Qd2 Bxg2 {[%emt 0:02:08] An uneventful encounter.   Weighted Error Value: White=0.23 (precise) /Black=0.03 (flawless) .  Inaccurate:     	White=1     	---        OK:         	---       	Black=2} 1/2-1/2

[Event "US Masters 2024"]
[Site "Charlotte"]
[Date "2024.11.29"]
[Round "3.17"]
[White "Samant Aditya S"]
[Black "Campos Gomez, Manuel"]
[Result "1-0"]
[ECO "B40"]
[WhiteElo "2478"]
[BlackElo "2293"]
[Annotator "TA"]
[PlyCount "51"]
[EventDate "2024.09.23"]
[EventType "swiss"]
[EventCountry "USA"]
[SourceTitle "playchess.com"]
[Source "ChessBase"]
[SourceQuality "1"]
[TimeControl "5400+30"]

1. e4 c5 2. Nf3 e6 3. d4 cxd4 4. Nxd4 Nf6 5. Bd3 Nc6 6. Nxc6 bxc6 7. Bf4 d5 8. Nd2 Be7 9. O-O {[%emt 0:04:51] The position is equal.} Qb6 10. Re1 Qxb2 11. c4 O-O 12. Rb1 Qd4 (12... Qxa2 $15 13. Qf3 Qa5) 13. Qc2 (13. Nb3 $14 Qb6 14. e5) 13... dxe4 14. Nxe4 Ba6 {[%emt 0:00:56] [#]} (14... Nh5 $11 15. Bd2 Rd8) 15. Be3 $1 $16 Qd7 16. Nxf6+ Bxf6 17. Bxh7+ Kh8 18. Be4 {[%emt 0:00:40] aiming for Qa4. White is more active.} Bb7 $2 (18... Rfb8 {is tougher.} 19. Qa4 Qc8) 19. Qb3 Rfb8 20. Bxa7 Rxa7 21. Qh3+ Kg8 {[%emt 0:00:03][%cal Od7c7,Bh8g8,Bg8f8,Bf8e7][%mdl 32] [#] White must now prevent ...Qc7!} 22. Qh7+ Kf8 {[%emt 0:00:02][%cal Of8e7] And now ...Ke7! would win.} 23. Qh8+ Ke7 24. Qxb8 Bd4 $2 (24... Bc8 25. Bxc6 Qc7 26. Qb4+ Qd6) 25. Red1 {[%emt 0:03:48] Threatens to win with Qxa7.} Ba8 (25... Bc8 $142 26. c5 (26. Bxc6 Bxf2+ 27. Kxf2 Rxa2+ 28. Kg1 Qxc6 $18) 26... e5 27. Bxc6 Qc7) 26. c5 {[%emt 0:01:33] Weighted Error Value: White=0.26 (precise) /Black=0.76.  Mistake:       	White=1     	Black=5      Inaccurate:     	White=1     	Black=2      OK:         	White=4     	Black=5      Best:        	White=3     	Black=1      Strong:       	White=1     	---} 1-0

[Event "US Masters 2024"]
[Site "Charlotte"]
[Date "2024.11.29"]
[Round "3.18"]
[White "Morefield, Jason"]
[Black "Escalante Ramirez, Brian"]
[Result "0-1"]
[ECO "C50"]
[WhiteElo "2235"]
[BlackElo "2476"]
[Annotator "TA"]
[PlyCount "76"]
[EventDate "2024.09.23"]
[EventType "swiss"]
[EventCountry "USA"]
[SourceTitle "playchess.com"]
[Source "ChessBase"]
[SourceQuality "1"]
[TimeControl "5400+30"]

1. e4 e5 2. Nf3 Nc6 3. Bc4 Bc5 4. c3 d6 5. O-O Qf6 6. a4 {[%emt 0:03:08] b4 is the strong threat.} a5 7. Na3 Bg4 8. Nb5 {[%emt 0:00:17] The position is equal.} O-O-O (8... Bxf3 {simplifies} 9. Qxf3 Qxf3 10. gxf3 Bb6) 9. Be2 $1 Nge7 10. d3 (10. h3 $5 h5 11. d3 $14 (11. hxg4 hxg4 12. Ne1 Qf4 $11)) 10... h5 11. Kh1 (11. h3 {looks sharper.} Kb8 12. b4 axb4 13. a5) 11... Kb8 12. Ng5 Bxe2 13. Qxe2 Ng6 14. Nh3 {[%emt 0:06:56] Bg5 would now be deadly.} Qe6 (14... Qe7 {simplifies} 15. Be3 d5 16. exd5 Rxd5 17. Bxc5 Rxc5 18. f4 Nxf4 19. Nxf4 exf4 20. Qxe7 Nxe7 21. Rxf4 Rf5) 15. f4 Qg4 16. Qc2 f6 {[%emt 0:04:55] [#]} (16... Qd7 $11) 17. Bd2 (17. d4 $1 $16 exd4 18. f5) 17... d5 $11 {[%emt 0:02:58] aiming for ...dxe4.} 18. fxe5 fxe5 $40 {[%emt 0:00:04][%mdl 128] Black is up to no good.} ({Much worse is} 18... Ncxe5 $6 19. exd5 Bb6 (19... Rxd5 20. d4 $16) 20. c4 $16) 19. Rae1 Rhf8 {[%emt 0:03:16] And now ...Rxf1+ would win.} 20. Bc1 {[%emt 0:02:34] [#]} (20. Bg5 $11 {keeps the balance.} Rxf1+ 21. Rxf1) 20... dxe4 $1 $17 21. dxe4 Nf4 {[%emt 0:03:31] Black has more active pieces.} 22. Bxf4 exf4 23. Qe2 Ne5 24. Qxg4 Nxg4 25. Nd4 Bxd4 26. cxd4 Rxd4 27. Rxf4 (27. Kg1 $17) 27... Re8 $19 28. b3 Rb4 29. Rf3 Rexe4 ({Much less strong is} 29... Rbxe4 30. Ref1 $17) 30. Rc1 (30. Rxe4 $142 Rxe4 31. Kg1) 30... Re3 31. Rxe3 Nxe3 {[%emt 0:00:01][%mdl 4096] Endgame. KRN-KRN} 32. Rc3 Nf5 {[%emt 0:00:23] Hoping for ...Nd4.} 33. Rc5 Nd4 34. Rxa5 Nxb3 35. Rxh5 c5 36. Nf2 $2 (36. Kg1) 36... c4 37. Rh3 (37. Rh8+ Kc7 38. Ne4) 37... Nc5 {[%emt 0:04:35] ( -> ...Rb1+)} 38. g4 Rb3 {[%emt 0:01:01] Weighted Error Value: White=0.36/Black=0.12 (very precise) .  Mistake:       	White=6     	Black=1      Inaccurate:     	White=1     	Black=2      OK:         	White=9     	Black=15     Best:        	White=2     	---        Strong:       	White=1     	Black=1} 0-1

[Event "US Masters 2024"]
[Site "Charlotte"]
[Date "2024.11.29"]
[Round "3.19"]
[White "Preotu, Razvan"]
[Black "Studen, Damir"]
[Result "1-0"]
[ECO "B01"]
[WhiteElo "2475"]
[BlackElo "2052"]
[Annotator "TA"]
[PlyCount "49"]
[EventDate "2024.09.23"]
[EventType "swiss"]
[EventCountry "USA"]
[SourceTitle "playchess.com"]
[Source "ChessBase"]
[SourceQuality "1"]
[TimeControl "5400+30"]

1. e4 d5 2. exd5 Qxd5 3. Nc3 Qa5 4. d4 c6 5. Bc4 Nf6 6. Nf3 Bf5 7. Ne5 e6 8. g4 Be4 9. O-O Bd5 10. Bd3 Nfd7 11. f4 Qb6 (11... Bb4 $16 {might work better.}) 12. Be3 $18 {[%emt 0:01:28] Hoping for Na4. Active counter play!} Qc7 13. Qe2 Bd6 14. g5 g6 15. Rae1 Bb4 $2 {[%emt 0:04:35] [#]} (15... O-O {was called for.} 16. Qg4 Qd8) 16. Nxf7 $1 Kxf7 {[%emt 0:04:29] [#]} 17. f5 $1 exf5 {[%emt 0:05:13] [#]} (17... gxf5 18. Nxd5) 18. Bxf5 $1 Rf8 (18... gxf5 19. Rxf5+) 19. Nxd5 cxd5 20. Bf4 ({Weaker is} 20. Bxd7+ Kg7 21. Rxf8 Qxd7 $18) 20... Qb6 21. Be6+ {[%emt 0:01:43] This pair of bishops is nice.} Ke8 {[%emt 0:00:11] [#]} 22. Bf7+ $1 {[%emt 0:00:15][%mdl 512] White mates.} Kxf7 23. Bd6+ (23. Bxb8+ $2 {is the wrong capture.} Kg8 24. Rxf8+ Nxf8 $19) 23... Kg8 24. Qe6+ Kg7 25. Qe7+ {[%emt 0:00:09] White took control after the opening.   Weighted Error Value: White=0.02 (flawless) /Black=0.94.  Mistake:       	---       	Black=2      Inaccurate:     	---       	Black=3      OK:         	White=8     	Black=2      Best:        	---       	Black=1      Brilliant:      	White=1     	---} 1-0

[Event "US Masters 2024"]
[Site "Charlotte"]
[Date "2024.11.29"]
[Round "3.20"]
[White "Gedajlovic, Max"]
[Black "Liang, Awonder"]
[Result "0-1"]
[ECO "E90"]
[WhiteElo "2377"]
[BlackElo "2687"]
[Annotator "TA"]
[PlyCount "152"]
[EventDate "2024.09.23"]
[EventType "swiss"]
[EventCountry "USA"]
[SourceTitle "playchess.com"]
[Source "ChessBase"]
[SourceQuality "1"]
[TimeControl "5400+30"]

1. d4 Nf6 2. c4 g6 3. Nc3 Bg7 4. e4 d6 5. h3 O-O 6. Be3 Na6 7. Nf3 c6 8. Bd3 e5 9. O-O exd4 10. Bxd4 Re8 11. Re1 Nc5 12. Bc2 Qa5 13. Qd2 Ncd7 14. Bd3 Ne5 15. Be2 Be6 16. Nxe5 dxe5 17. Be3 Nd7 18. a3 Qc7 19. c5 f5 20. f3 f4 21. Bf2 Bf8 22. b4 Nf6 23. Qc2 g5 24. Nd1 h5 25. Bc4 Qg7 26. Kh1 g4 27. Bh4 Kh8 28. Bxe6 Rxe6 29. Nf2 Nh7 30. fxg4 (30. hxg4 hxg4 31. Nxg4 Rh6 $15) 30... Be7 31. Bxe7 Rxe7 32. Rad1 Nf6 33. Qe2 Rg8 (33... hxg4 $11 34. hxg4 (34. Nxg4 Nxg4 35. Qxg4 Qxg4 $16) 34... Qg5) 34. Rd6 (34. Rd3 $1 $14) 34... hxg4 $11 35. Nxg4 Nxg4 36. Qxg4 Qxg4 37. hxg4 Rxg4 38. Red1 Kg8 39. R1d3 ({Don't take} 39. Rd8+ $6 Kf7 $14) 39... Reg7 40. Rd8+ Kh7 $1 41. Re8 Rxg2 42. Rh3+ Kg6 43. Kxg2 Kf7+ 44. Kf2 Kxe8 45. Rh5 Re7 46. Kf3 Kf7 47. Rh6 Rd7 48. Kg4 Kf8 49. Rh8+ Kg7 50. Rh5 Rf7 51. Kf3 $1 (51. Rxe5 $2 {loses.} f3 52. Rg5+ Kf8 $19) 51... Kf6 52. Rh6+ Ke7 53. Rh5 Ke6 54. Rh6+ Kd7 55. Rh5 Re7 56. a4 a6 57. Rg5 Ke8 58. Rh5 Kf8 59. Rf5+ Ke8 60. Rh5 Kf7 61. Rh6 Rd7 62. Kg4 Kf8 63. Rh8+ Kg7 64. Rh5 Re7 65. Kf3 Kf6 66. Rh6+ Kg5 67. Rd6 (67. Rh8 $1 $11 {was the only way to keep the balance.}) 67... Rh7 $17 68. Re6 $2 (68. Kg2 $17 {nothing else works.}) 68... Rh3+ $19 69. Kf2 Rb3 70. b5 (70. Rxe5+ $142 Kg4 71. Re7 Rb2+ (71... Rxb4 72. Rg7+ Kh5 73. Kf3 $18) 72. Kg1 Rxb4 73. Kh2) 70... axb5 $19 71. axb5 Rxb5 72. Rxe5+ Kg4 73. Rf5 Rb2+ 74. Ke1 Rb4 75. Rf7 Rxe4+ 76. Kf2 Rb4 0-1